 Dungeon Crawl Stone Soup version 0.28-a0-863-g8cecda6153 (webtiles) character file.

Game seed: 14817494513805077716

88 Peloso the Covered (level 4, -2/40 HPs)
             Began as a Minotaur Fighter on Nov 18, 2021.
             Slain by an ogre (13 damage)
             ... on level 4 of the Dungeon.
             The game lasted 00:03:48 (2050 turns).

Peloso the Covered (Minotaur Fighter)               Turns: 2050, Time: 00:03:49

Health: -2/40      AC:  7    Str: 20    XL:     4   Next: 29%
Magic:  3/3        EV: 10    Int:  5    God:
Gold:   48         SH:  4    Dex: 11    Spells: 3/3 levels left

rFire   . . .      SeeInvis .   a - +0 long sword
rCold   . . .      Faith    .   c - +0 buckler
rNeg    . . .      Spirit   .   b - +0 scale mail
rPois   .          Reflect  .   (helmet restricted)
rElec   .          Harm     .   (no cloak)
rCorr   .          Rampage  .   (no gloves)
Will    .....                   (no boots)
Stlth   ..........              (no amulet)
HPRegen 0.13/turn               (no ring)
MPRegen 0.08/turn               (no ring)

@: mighty
A: horns 2, retaliatory headbutt
a: no special abilities


You were on level 4 of the Dungeon.
You visited 1 branch of the dungeon, and saw 4 of its levels.

You collected 48 gold pieces.

Inventory:

Hand Weapons
 a - a +0 long sword (weapon)
Armour
 b - a +0 scale mail (worn)
 c - a +0 buckler (worn)
Jewellery
 l - a +6 ring of strength
Scrolls
 e - a scroll of summoning {unknown}
 g - 2 scrolls of identify {unknown}
 i - a scroll of magic mapping {unknown}
 j - a scroll of enchant weapon {unknown}
 m - a scroll of immolation {unknown}
Potions
 f - a potion of flight {unknown}
 h - a potion of attraction {unknown}
 k - a potion of curing {unknown}


   Skills:
 + Level 4.0 Fighting
 + Level 3.5 Long Blades
 + Level 4.6 Armour
 + Level 1.0 Dodging
 + Level 4.3 Shields


You had 3 spell levels left.
You didn't know any spells.
Your spell library contained the following spells:

 Spells                   Type           Power      Damage    Failure   Level
 Foxfire                  Conj/Fire      0%         2x1d4     82%         1
 Conjure Flame            Conj/Fire      0%         6-21      99%         3
 Inner Flame              Hex/Fire       0%         N/A       99%         3
 Flame Wave               Conj/Fire      0%         3d3       100%        4


Dungeon Overview and Level Annotations

Branches:
Dungeon (4/15)
 Temple: D:4-7

Altars:

Annotations:
D:2 1 runed translucent door, Crazy Yiuf
D:3 Sigmund


Innate Abilities, Weirdness & Mutations

You have a pair of horns on your head.
You reflexively headbutt those who attack you in melee.


Message History

The bat hits you.
You hit the bat. Your headbutt misses the bat.
The bat is moderately wounded.
The bat misses you. You furiously retaliate!
You headbutt the bat.
You kill the bat!
HP restored.
You now have 48 gold pieces (gained 5).
Found a hunting sling.
Sigmund the Dreaded comes into view.
He is wielding a +0 scythe and carrying a wand of flame (22).
Sigmund shouts!
You hear an angry hiss.
Sigmund drinks a potion.
Sigmund suddenly seems more resistant.
Sigmund is nearby!
Found an escape hatch in the ceiling.
Found a stone staircase leading down.
There is an escape hatch in the ceiling here.
Found 4 gold pieces.
There is a stone staircase leading down here.
Sigmund casts a spell at you. You resist with some effort.
You climb downwards.
The hobgoblin shouts!
Found 12 gold pieces and a ring mail.
There is a stone staircase leading up here.
An ogre comes into view. It is wielding a +0 giant spiked club.
The ogre shouts!
A bullfrog skeleton comes into view.
The hobgoblin hits you but does no damage.
You barely miss the hobgoblin. Your headbutt misses the hobgoblin.
The hobgoblin barely misses you.
The hobgoblin hits you but does no damage.
You closely miss the hobgoblin. You headbutt the hobgoblin.
You kill the hobgoblin!
You feel very mighty all of a sudden.
The ogre hits you with a +0 giant spiked club!!
Ouch! That really hurt!
You slash the ogre!
The ogre is heavily wounded.
The bullfrog skeleton hits you. x2
* * * LOW HITPOINT WARNING * * *
The ogre hits you with a +0 giant spiked club!
You die...

..#...........
#.#..........#
............#
#..........#
#........#
##..[.....##
###....O.....#
......Z@.....#
.#.#.........#
.............#
.#.#...<.....#
............##
.#.#...$...##
......######
...... ######


You could see an ogre and a bullfrog skeleton.

Vanquished Creatures
  2 adders (D:2)
  2 worms (D:2)
  A dart slug (D:1)
  5 bats
  5 endoplasms
  5 giant cockroaches
  5 goblins
  8 hobgoblins
  3 quokkas
  4 ball pythons
  2 frilled lizards
  8 kobolds
  5 rats
55 creatures vanquished.

Vanquished Creatures (others)
  4 plants (D:1)
  5 toadstools (D:3)
9 creatures vanquished.

Grand Total: 64 creatures vanquished

Notes
Turn   | Place    | Note
-------+----------+-------------------------------------------
     0 | D:1      | Peloso the Minotaur Fighter began the quest for the Orb.
     0 | D:1      | Reached XP level 1. HP: 19/19 MP: 0/0
   160 | D:1      | Reached XP level 2. HP: 26/27 MP: 1/1
   187 | D:1      | You fall into a shaft and drop 1 floor!
   415 | D:2      | Reached XP level 3. HP: 33/33 MP: 2/2
   536 | D:2      | Found a runed translucent door.
   537 | D:2      | Noticed Crazy Yiuf
  1341 | D:2      | Reached XP level 4. HP: 32/40 MP: 3/3
  1573 | D:2      | Reached skill level 1 in Dodging
  2026 | D:3      | Noticed Sigmund
  2044 | D:4      | Noticed an ogre
  2050 | D:4      | Slain by an ogre

Illustrated notes

Levels and vault maps discovered:
D:1:      evilmike_arrival_rings, layout_basic, serial_forest,
          infiniplex_forest_clump_curved, infiniplex_forest_clump_small,
          infiniplex_forest_clump_C, infiniplex_forest_fountain,
          infiniplex_forest_straight_2, infiniplex_forest_clump_double,
          minmay_distorted
D:2:      layout_basic, uniq_crazy_yiuf_cottage
D:3:      layout_loops_ring, minmay_gold_behind_fungi, fountainhead,
          hangedman_decor_diamond_cutter, kennysheep_doodads, uniq_sigmund
D:4:      layout_rooms, serial_glass, glass_columns_c, glass_columns_b,
          minmay_lizard_king, uniq_menkaure

Skill      XL: |  1  2  3  4 |
---------------+-------------+-----
Armour         | 4 |  4.6
Fighting       | 4 |  4.0
Shields        | 4 |  4.3
Long Blades    | 3 |  3.5
Dodging        | 1 |  1.0

Action                   |  1- 3 |  4- 6 || total
-------------------------+-------+-------++-------
Melee: Long sword        |    77 |    23 ||   100
       Headbutt          |    16 |     5 ||    21
  Use: Potion            |       |     1 ||     1
Armor: Scale mail        |    30 |     6 ||    36
Dodge: Dodged            |    50 |    16 ||    66
Block: Buckler           |    22 |     3 ||    25

Table legend: (Time is in decaauts)
 A = Elapsed time spent in this place.
 B = Non-inter-level travel time spent in this place.
 C = Inter-level travel time spent in this place.
 D = Time resting spent in this place.
 E = Time spent auto-exploring this place.
 F = Levels seen in this place.
 G = Mean time per level.
                   A        B        C        D        E       F      G
               +--------+--------+--------+--------+--------+-----+--------+
         Total |   2078 |   1984 |     94 |      0 |   1565 |   4 |  519.5 |
       Dungeon |   2078 |   1984 |     94 |      0 |   1565 |   4 |  519.5 |
               +--------+--------+--------+--------+--------+-----+--------+

Top non-repeatable levels by time:
     D:2: 1271 daAuts
     D:1: 742 daAuts
     D:3: 57 daAuts
     D:4: 7 daAuts
